 Dungeon Crawl Stone Soup version 0.31.0-12-g77e489cdc1 (webtiles) character file.

Game seed: 14644083178125589449

251 McKennaii the Conjurer (level 5, -8/38 HPs)
             Began as a Demigod Conjurer on Feb 15, 2024.
             Killed by divine providence
             ... invoked by an orc priest
              (17 damage)
             ... on level 3 of the Dungeon.
             The game lasted 00:02:20 (2367 turns).

McKennaii the Conjurer (Demigod Conjurer)           Turns: 2367, Time: 00:02:21

Health: -8/38      AC:  4    Str:  8    XL:     5   Next: 57%
Magic:  4/13       EV: 12    Int: 24    God:
Gold:   104        SH:  0    Dex: 12    Spells: 4/11 levels left

rFire   . . .        c - +2 hand axe (heavy)
rCold   . . .        (no shield)
rNeg    . . .        a - +0 robe
rPois   .            d - +0 helmet
rElec   .            (no cloak)
rCorr   .            m - +0 pair of gloves
SInv    .            (no boots)
Will    .....        (no amulet)
Stlth   ++           (no ring)
HPRegen 0.26/turn    (no ring)
MPRegen 0.13/turn

%: no passive effects
@: no status effects
A: high MP 1, forlorn, divine attributes
a: no special abilities


You were on level 3 of the Dungeon.
You visited 1 branch of the dungeon, and saw 3 of its levels.

You collected 104 gold pieces.

Inventory:

Hand Weapons
 c - a +2 heavy hand axe (weapon)
Armour
 a - a +0 robe (worn)
 d - a +0 helmet (worn)
 m - a +0 pair of gloves (worn)
Scrolls
 e - a scroll of enchant armour {unknown}
 g - a scroll of identify {unknown}
 k - a scroll of fog {unknown}
 l - a scroll of amnesia {unknown}
 q - a scroll of teleportation {unknown}
 r - 3 scrolls of enchant weapon {unknown}
Potions
 b - a potion of magic
 f - a potion of haste {unknown}
 h - a potion of lignification {unknown}
 i - a potion of mutation {unknown}
 j - a potion of might {unknown}
 o - a potion of curing {unknown}
 p - a potion of cancellation {unknown}
 s - a potion of heal wounds {unknown}


   Skills:
 - Level 1.7 Dodging
 - Level 1.7 Stealth
 + Level 3.8 Spellcasting
 + Level 5.3 Conjurations


You had 4 spell levels left.
You knew the following spells:

 Your Spells              Type           Power      Damage    Failure   Level
a - Magic Dart            Conj           100%       1d8       1%          1
b - Searing Ray           Conj           60%        2d6       1%          2
c - Iskenderun's Mystic   Conj/Tloc      17%        2d5       32%         4

Your spell library contained the following spells:

 Spells                   Type           Power      Damage    Failure   Level
 Mephitic Cloud           Conj/Alch/Air  13%        N/A       14%         3
 Mercury Vapours          Alch/Air       8%         N/A       16%         2
 Fulminant Prism          Conj/Alch      8%         3d7       32%         4
 Freezing Cloud           Conj/Ice/Air   6%         6-21      80%         5


Dungeon Overview and Level Annotations

Branches:
Dungeon (3/15)

Shops:
D:1 [

Annotations:
D:3 1 runed translucent door, Crazy Yiuf


Innate Abilities, Weirdness & Mutations

You have an increased reservoir of magic. (+10% MP)
You shall have no god before yourself.
Your divine heritage dramatically boosts your attributes as you level up.


Message History

Pain shoots through your body! The hobgoblin closely misses you.
The orc priest looks encouraged for a moment.
You completely miss the orc priest.
The orc priest is severely wounded.
You slash the hobgoblin!
You kill the hobgoblin!
You hit the orc. The orc hits you with a +0 club.
The orc priest casts a cantrip, but nothing happens.
The orc closely misses you.
The orc priest calls upon Beogh to heal the orc.
The orc's wounds heal themselves!
You hit the orc priest but do no damage.
The orc priest is severely wounded.
You barely miss the orc. The orc barely misses you.
The orc priest hits you with a +0 hand axe.
The orc misses you.
The orc priest hits you with a +0 hand axe.
Unknown command.
You closely miss the orc priest.
The orc priest is severely wounded.
You closely miss the orc. The orc misses you.
The orc priest invokes the aid of Beogh against you.
You struggle to resist.
The orc hits you but does no damage. The orc priest barely misses you.
Unknown command.
You hit the orc priest but do no damage.
The orc priest is severely wounded.
You hit the orc. The orc hits you with a +0 club.
The orc priest hits you with a +0 hand axe.
The orc hits you with a +0 club.
* * * LOW HITPOINT WARNING * * *
The orc priest looks encouraged for a moment.
You closely miss the orc priest.
The orc priest is severely wounded.
You hit the orc.
You kill the orc!
The orc priest closely misses you.
The orc priest calls down the wrath of Beogh upon you.
Beogh smites you!
You die...

# ♣♣♣♣♣##...# # #...# ##
##### ###...#
.#######...#
#.....########
...........#
####.........#
...........# #.........#
.#######...## #.........#
.#
#.....#####†.......)##o.
[#
#.###....)@o)........o.g.
##
#.....#####)........##...
# #.###.# #.........# ..
### ### #.# #.........#
..... #.# ###########
.#### #.# ..# #.# #...
#.# #..# .#


You could see an orc priest.

Vanquished Creatures
  Sigmund (D:3)
  An orc wizard (D:3)
  An adder (D:3)
  2 dart slugs
  5 orcs (D:3)
  7 endoplasms
  2 giant cockroaches
  4 goblins
  3 hobgoblins
  4 jackals (D:2)
  2 kobolds
  2 quokkas (D:1)
  4 ball pythons
  2 bats (D:2)
  2 frilled lizards (D:2)
  5 rats
47 creatures vanquished.

Notes
Turn   | Place    | Note
-------+----------+-------------------------------------------
     0 | D:1      | McKennaii the Demigod Conjurer began the quest for the Orb.
     0 | D:1      | Reached XP level 1. HP: 14/14 MP: 5/5
   559 | D:1      | Reached XP level 2. HP: 18/20 MP: 2/7
   562 | D:1      | Learned a level 2 spell: Searing Ray
   740 | D:1      | Found Afixin's Armour Emporium.
  1254 | D:2      | Reached skill level 4 in Conjurations
  1742 | D:2      | Reached XP level 3. HP: 26/26 MP: 1/9
  2203 | D:3      | Noticed Sigmund
  2212 | D:3      | Killed Sigmund
  2213 | D:3      | Reached skill level 5 in Conjurations
  2213 | D:3      | Reached XP level 4. HP: 33/33 MP: 2/12
  2213 | D:3      | Reached XP level 5. HP: 38/38 MP: 2/13
  2308 | D:3      | Learned a level 4 spell: Iskenderun's Mystic Blast
  2318 | D:3      | Found a runed translucent door.
  2319 | D:3      | Noticed Crazy Yiuf
  2367 | D:3      | Killed from afar by an orc priest

Illustrated notes

Levels and vault maps discovered:
D:1:      roderic_dead_forest, layout_basic, serial_shops,
          nicolae_shop_scrapyard
D:2:      layout_basic, basic_altar, moated_statue
D:3:      layout_basic, nemelex_diamond_rough_becter, kennysheep_another_room,
          uniq_crazy_yiuf_cottage, uniq_sigmund

Skill      XL: |  1  2  3 |
---------------+----------+-----
Spellcasting   | 2 3 |  3.8
Conjurations   | 4 5 |  5.3
Dodging        | |  1.7
Stealth        | |  1.7

Action                     |  1- 3 |  4- 6 || total
---------------------------+-------+-------++-------
  Melee: Hand axe          |     9 |     6 ||    15
   Cast: Magic Dart        |    78 |     8 ||    86
         Searing Ray       |     1 |     1 ||     2
 Armour: Robe              |    13 |    12 ||    25
  Dodge: Dodged            |    10 |    13 ||    23
